 Dungeon Sprint DCSS version 0.31.0-4-g52a2dc7128 (webtiles) character file.

Game seed: 16078005248424057851

378 boopmooplesden the Protected (level 6, -8/94 HPs)
             Began as a Minotaur Fighter on Jan 22, 2024.
             Was a High Priest of Trog.
             Incinerated by a deep elf pyromancer (12 damage)
             ... with a pyre arrow
             ... in the Dungeon (Sprint VII: "The Pits").
             The game lasted 00:01:31 (360 turns).

boopmooplesden the Protected (Minotaur Fighter)      Turns: 360, Time: 00:01:33

Health: -8/94      AC: 16    Str: 22    XL:     6   Next: 45%
Magic:  5/5        EV:  6    Int:  5    God:    Trog [*****.]
Gold:   0          SH:  5    Dex: 10    Spells: 5/5 levels left

rFire   . . .        a - +0 war axe
rCold   . . .        c - +0 buckler
rNeg    . . .        o - +2 plate armour
rPois   .            (helmet restricted)
rElec   .            (no cloak)
rCorr   .            (no gloves)
SInv    .            (no boots)
Will    .....        (no amulet) Stlth
                     (no ring)
HPRegen 0.35/turn    (no ring)
MPRegen 0.09/turn

%: no teleportation
@: berserking, on fire, glowing, very quick
A: horns 2, retaliatory headbutt
a: Renounce Religion, Berserk, Trog's Hand, Brothers in Arms


You were in the Dungeon.
You worshipped Trog.
Trog was extremely pleased with you.
You visited 1 branch

Inventory:

Hand Weapons
 a - a +0 war axe (weapon)
 p - a +0 heavy hand axe
Armour
 b - a +0 scale mail
 c - a +0 buckler (worn)
 o - a +2 plate armour (worn)
Scrolls
 l - 2 scrolls of vulnerability
 m - 5 scrolls of amnesia
 n - a scroll of butterflies
Potions
 d - a potion of might
 e - 6 potions of curing
 f - 5 potions of heal wounds
 g - a potion of haste
 h - 4 potions of magic
 i - 3 potions of berserk rage
 k - 2 potions of invisibility


   Skills:
 + Level 9.0 Fighting
 + Level 8.7 Axes
 + Level 10.0 Armour
 + Level 8.3 Shields


You had 5 spell levels left.
You didn't know any spells.
Your spell library was empty.

Dungeon Overview and Level Annotations

Branches:
Dungeon (1/1)

Altars:
Cheibriados
Dithmenos
Elyvilon
Fedhas
Gozag
Hepliaklqana
Makhleb
Nemelex Xobeh
Okawaru
Qazlal
Ru
Sif Muna
Trog
Vehumet
Wu Jian
Xom
Yredelemnul
Zin
The Shining One
Jiyva
Lugonu


Innate Abilities, Weirdness & Mutations

You have a pair of horns on your head.
You reflexively headbutt those who attack you in melee.


Message History

You slash the fire elemental!
The fire elemental is severely damaged.
You slash the fire elemental! The fire elemental hits you.
The fire elemental burns you! The fire elemental hits you.
The fire elemental burns you! The fire elemental hits you.
The fire elemental burns you!
You slash the fire elemental!
You feel the power of Trog in you as your rage grows.
You destroy the fire elemental!
The fire elemental disappears in a puff of smoke!
You hit the fire elemental.
The deep elf pyromancer gestures at you while chanting.
The bolt of fire hits you!!
* * * LOW HITPOINT WARNING * * *
The fire elemental hits you. The fire elemental burns you!
* * * LOW HITPOINT WARNING * * *
The deep elf pyromancer hits you but does no damage.
There is an open door, spattered with blood here.
You slash the deep elf pyromancer!
Your headbutt misses the deep elf pyromancer.
The deep elf pyromancer is severely wounded.
You slash the fire elemental! The fire elemental hits you.
The fire elemental burns you!
* * * LOW HITPOINT WARNING * * *
You hit the deep elf pyromancer.
The deep elf pyromancer is severely wounded.
You hit the fire elemental. The fire elemental hits you.
The fire elemental burns you!
* * * LOW HITPOINT WARNING * * *
The deep elf pyromancer casts a spell at you.
The pyre arrow hits you.
You are covered in intense liquid fire!
You barely miss the deep elf pyromancer.
You headbutt the deep elf pyromancer!
You kill the deep elf pyromancer!
Trog accepts your kill.
Trog appreciates your killing of a magic user.
The fire elemental disappears in a puff of smoke!
The liquid fire burns you!
You die...

#)#........##.......#
#)###########.......#
#.......# #########
#.......# #...#...#
#..###..#+#
#...#...#.+
#......)#ยง#
#.......@.#
###########


There were no monsters in sight!

Vanquished Creatures
  A deep elf pyromancer (D)
  A scorpion (D)
  5 wights (D)
  A quasit (D)
  A mummy (D)
  An ufetubus (D)
  An adder zombie (D)
  A ribbon worm (D)
  2 bats (D)
  A giant cockroach (D)
  A goblin (D)
  A hobgoblin (D)
  2 ball pythons (D)
  A frilled lizard (D)
  A rat (D)
21 creatures vanquished.

Notes
Turn   | Place    | Note
-------+----------+-------------------------------------------
     0 | D        | boopmooplesden the Minotaur Fighter began the quest for the
                  | Orb.
     0 | D        | Reached XP level 1. HP: 19/19 MP: 0/0
    37 | D        | Found a glowing golden altar of the Shining One.
    37 | D        | Found a glowing silver altar of Zin.
    37 | D        | Found a basalt altar of Yredelemnul.
    37 | D        | Found a shimmering altar of Xom.
    37 | D        | Found an ornate altar of the Wu Jian Council.
    37 | D        | Found a bloodstained altar of Trog.
    37 | D        | Found a shimmering blue altar of Sif Muna.
    37 | D        | Found a sacrificial altar of Ru.
    37 | D        | Found a stormy altar of Qazlal.
    37 | D        | Found an iron altar of Okawaru.
    37 | D        | Found a sparkling altar of Nemelex Xobeh.
    37 | D        | Found a burning altar of Makhleb.
    37 | D        | Found a viscous altar of Jiyva.
    37 | D        | Found a hazy altar of Hepliaklqana.
    37 | D        | Found an opulent altar of Gozag.
    37 | D        | Found a blossoming altar of Fedhas.
    37 | D        | Found a white marble altar of Elyvilon.
    37 | D        | Found a shadowy altar of Dithmenos.
    37 | D        | Found a snail-covered altar of Cheibriados.
    38 | D        | Found a radiant altar of Vehumet.
    38 | D        | Found a corrupted altar of Lugonu.
    40 | D        | Became a worshipper of Trog the Wrathful
    51 | D        | Reached skill level 4 in Armour
    56 | D        | Reached * piety under Trog
    63 | D        | Noticed a quasit
    71 | D        | Killed a quasit
    71 | D        | Reached ** piety under Trog
    72 | D        | Reached skill level 5 in Fighting
    72 | D        | Reached skill level 5 in Armour
    72 | D        | Reached skill level 5 in Shields
    72 | D        | Reached XP level 2. HP: 29/29 MP: 1/1
    72 | D        | Reached XP level 3. HP: 36/36 MP: 2/2
   138 | D        | Noticed a wight
   138 | D        | Noticed a wight
   151 | D        | Reached *** piety under Trog
   152 | D        | Reached skill level 6 in Armour
   154 | D        | Killed a wight
   155 | D        | Reached skill level 5 in Axes
   155 | D        | Reached skill level 7 in Armour
   155 | D        | Reached XP level 4. HP: 36/45 MP: 3/3
   159 | D        | Reached **** piety under Trog
   160 | D        | Reached XP level 5. HP: 8/52 MP: 4/4
   165 | D        | Reached skill level 8 in Armour
   191 | D        | Reached skill level 9 in Armour
   191 | D        | Reached XP level 6. HP: 33/62 MP: 5/5
   346 | D        | Reached ***** piety under Trog
   347 | D        | Reached skill level 10 in Armour
   349 | D        | Noticed a deep elf pyromancer
   351 | D        | Noticed a fire elemental
   351 | D        | Noticed a fire elemental
   359 | D        | HP: 4/94 [fire elemental[a deep elf pyromancer] (9)]
   360 | D        | Killed a deep elf pyromancer
   360 | D        | Incinerated by a deep elf pyromancer

Illustrated notes

Levels and vault maps discovered:
D:        pitsprint [storerooms_1, entrance_room_1, metal_vault_5, armoury_1,
          mini_pit_1, grid_room_1, main_hall_1, silver_pit, the_coven_1,
          the_vestibule_1, steel_vault_1, golden_pit, hallway_of_sentries,
          crystal_vault_1, iron_vault_3, final_vault]

Skill      XL: |  1  2  3  4  5  6 |
---------------+-------------------+-----
Fighting       | 5 6 7 8 9 |  9.0
Armour         | 5 7 9 10 | 10.0
Shields        | 5 6 7 8 |  8.3
Axes           | 3 5 7 8 |  8.7

Action                     |  1- 3 |  4- 6 || total
---------------------------+-------+-------++-------
  Melee: War axe           |    24 |    28 ||    52
         Headbutt          |     3 |     5 ||     8
 Invoke: Berserk           |     2 |     2 ||     4
    Use: Scroll            |       |     1 ||     1
         Potion            |       |     1 ||     1
 Armour: Scale mail        |    12 |       ||    12
         Plate armour      |    13 |    34 ||    47
  Dodge: Dodged            |    12 |     5 ||    17
  Block: Buckler           |     5 |     6 ||    11
